 Dungeon Crawl Stone Soup version 0.29.0-13-gc9e81de378 (webtiles) character file.

Game seed: 6787808586874439741

85046 sausages the Warrior (level 15, -3/141 (150) HPs)
             Began as a Minotaur Fighter on Sept 8, 2022.
             Was a High Priest of Trog.
             Slain by a wolf spider (10 damage)
             ... on level 1 of the Spider Nest.
             The game lasted 00:50:42 (26087 turns).

sausages the Warrior (Minotaur Fighter)            Turns: 26087, Time: 00:50:43

HP:   -3/141 (150)  AC: 16    Str: 34    XL:     15   Next: 36%
MP:   14/14         EV:  8    Int:  5    God:    Trog [*****.]
Gold: 1554          SH: 28    Dex: 10    Spells: 14/14 levels left

rFire   . . .      SeeInvis .   a - +4 scimitar (flame)
rCold   . . .      Faith    .   Q - +6 tower shield
rNeg    . . .      Spirit   .   T - +0 ring mail {rPois}
rPois   +          Reflect  +   C - +2 hat
rElec   .          Harm     .   (no cloak)
rCorr   .          Rampage  .   h - +0 pair of gloves
Will    +++..                   (no boots)
Stlth   ..........              c - amulet of reflection
HPRegen 1.33/turn               x - +6 ring of strength
MPRegen 0.14/turn               E - +4 ring of protection

@: lethally poisoned (-3 -> -15), about to teleport, strong-willed, on berserk
cooldown, regenerating, slowed, drained, very slow
A: horns 2, retaliatory headbutt
a: Renounce Religion, Berserk, Trog's Hand, Brothers in Arms


You were on level 1 of the Spider Nest.
You worshipped Trog.
Trog was extremely pleased with you.
You visited 4 branches of the dungeon, and saw 22 of its levels.

You collected 2143 gold pieces.
You spent 589 gold pieces at shops.

Inventory:

Hand Weapons
 a - a +4 scimitar of flaming (weapon)
 y - a +1 scimitar of freezing
 G - a +2 scimitar of flaming
 H - a +5 antimagic long sword
Missiles
 p - 40 poisoned darts
 B - 20 boomerangs (quivered)
 J - a throwing net
Armour
 h - a +0 pair of gloves (worn)
 C - a +2 hat (worn)
 K - a +2 chain mail of fire resistance
 Q - a +6 tower shield (worn)
 T - a +0 ring mail of poison resistance (worn)
Jewellery
 c - an amulet of reflection (around neck)
 j - an amulet of regeneration
 s - the ring "Taebbeulif" {Ice MP+9}
   (You found it on level 2 of the Dungeon)

   [ring of ice]

   It enhances your ice magic.
   rF:        It makes you vulnerable to fire.
   rC:        It protects you from cold.
   MP:        It affects your magic capacity (+9).
 x - a +6 ring of strength (left hand)
 E - a +4 ring of protection (right hand)
 F - a ring of protection from cold
 N - an amulet of the acrobat
 O - a ring of willpower
 V - a ring of protection from cold
Wands
 e - a wand of light (3)
 t - a wand of flame (75)
 u - a wand of charming (17)
 I - a wand of roots (7)
Scrolls
 b - 7 scrolls of identify
 i - a scroll of brand weapon
 l - 5 scrolls of immolation
 o - 6 scrolls of teleportation
 v - 4 scrolls of butterflies
 w - 2 scrolls of blinking
 A - 2 scrolls of enchant weapon
 D - 2 scrolls of magic mapping
 M - a scroll of fear
 R - 3 scrolls of vulnerability
 S - a scroll of silence
Potions
 d - 4 potions of might
 f - 5 potions of haste
 g - 5 potions of ambrosia
 k - 2 potions of resistance
 m - 6 potions of curing
 n - 9 potions of heal wounds
 q - 3 potions of mutation
 r - 8 potions of lignification
 z - 4 potions of degeneration
 P - 2 potions of flight
 U - a potion of brilliance
Miscellaneous
 L - a condenser vane


   Skills:
 * Level 18.6 Fighting
 + Level 17.0 Long Blades
 + Level 6.0 Throwing
 + Level 17.3 Armour
 + Level 13.5 Shields
 + Level 7.0 Evocations


You had 14 spell levels left.
You didn't know any spells.
Your spell library was empty.

Dungeon Overview and Level Annotations

Branches:
Dungeon (14/15)            Temple (0/1) D:4            Lair (5/5) D:10
 Shoals (0/4) Lair:2       Spider (1/4) Lair:2        Slime (0/5) Lair:5
    Orc (2/2) D:10            Elf (0/3) Orc:2        Vaults (0/5) D:13

Altars:
Cheibriados
Dithmenos
Fedhas
Hepliaklqana
Kikubaaqudgha
Nemelex Xobeh
Ru
Sif Muna
Trog
Uskayaw
Vehumet
Xom
Yredelemnul
Jiyva

Shops:
D:4 !   D:8 (   Orc:2 :*[([*

Annotations:
D:9 1 runed translucent door, EtherCrawl's ghost, novice MiBe
D:11 4 transporters
D:14 Agnes
Lair:5 exclusion: oklob plant
Orc:1 Sonja


Innate Abilities, Weirdness & Mutations

You have a pair of horns on your head.
You reflexively headbutt those who attack you in melee.


Message History

You block the wolf spider's attack. You block the redback's attack.
You block the culicivora's attack. The tarantella touches you.
You block the wolf spider's attack. x2; The redback bites you.
The culicivora bites you!
The culicivora draws strength from your injuries!
You closely miss the culicivora. Your headbutt misses the culicivora.
The culicivora is heavily wounded.
You block the wolf spider's attack. The wolf spider barely misses you.
You block the tarantella's attack.
The redback bites you but does no damage.
You block the culicivora's attack. You block the wolf spider's attack.
The wolf spider bites you but does no damage.
The tarantella touches you but does no damage.
The redback bites you but does no damage.
The culicivora bites you but does no damage.
You block the wolf spider's attack. The wolf spider bites you!
* * * LOW HITPOINT WARNING * * *
You feel much better. You block the tarantella's attack. The redback bites you.
You block the culicivora's attack.
The jumping spider leaps!
The wolf spider hits you! The wolf spider bites you.
You block the tarantella's attack. The redback bites you.
You are poisoned.
The redback poisons you! You block the culicivora's attack.
The wolf spider hits you but does no damage.
The wolf spider bites you.
* * * LOW HITPOINT WARNING * * *
The tarantella touches you but does no damage.
You block the redback's attack.
As you read the scroll of teleportation, it crumbles to dust.
You feel strangely unstable.
You feel extremely sick. You block the culicivora's attack.
The wolf spider hits you!
* * * LOW HITPOINT WARNING * * *
The wolf spider bites you but does no damage.
The tarantella touches you but does no damage.
You block the redback's attack. The culicivora bites you!
* * * LOW HITPOINT WARNING * * *
The culicivora draws strength from your injuries!
The jumping spider leaps! x2; The wolf spider hits you!
You die...

.. #...^. ##[...
##.#.. .... ..^..
..##.#.#..##..##.^# #
..# ...###.s...#^.#.#
..###...#^####.....[#
...#.##......s#..##..#
.##...##..#....s## #
#.###..##...##sss#
^...#..#.#..#.Z#@#
.#..........#.#ss#
...#....#...###○°#
...#.###..#...#...
.#.###......#..s###
†#....#.#..##.#...
.#.#^....#..##....
.#.#####......## .
##.. ##..####


You could see a wolf spider, a culicivora, 2 jumping spiders, 3 tarantellas and
a redback.

Vanquished Creatures
  Kirke (Lair:4)
  An orc warlord (Orc:2)
  Azrael (D:12)
  2 boulder beetles
  3 vault guards (D:13)
  4 hydras
  4 catoblepae
  A centaur warrior (D:13)
  3 two-headed ogres
  13 death yaks
  4 orc high priests (Orc:2)
  A pharaoh ant (Spider:1)
  A sun moth (Spider:1)
  A wizard (D:13)
  A deep elf pyromancer (D:13)
  3 orc knights (Orc:2)
  An ugly thing (D:13)
  3 orc sorcerers (Orc:2)
  3 cyclopes
  2 manticores (Lair:5)
  31 elephants
  4 black mambas
  11 cane toads
  4 rime drakes
  3 unseen horrors
  2 yaktaurs (shapeshifter) (D:13)
  A yaktaur (D:13)
  A demonic crawler (Spider:1)
  12 komodo dragons
  7 trolls
  2 polar bears
  Grinder (D:3)
  14 blink frogs
  2 hornets
  A snapping turtle (Lair:2)
  A dream sheep (Lair:3)
  3 jumping spiders (Spider:1)
  Sigmund (D:2)
  2 shadows
  A vampire (D:10)
  A culicivora (Spider:1)
  3 wraiths
  64 yaks
  6 basilisks
  2 fire elementals
  3 wyverns
  6 hogs (Lair:4)
  17 humans (D:13)
  3 redbacks (Spider:1)
  A steam dragon (D:8)
  A golden eye (shapeshifter) (D:12)
  9 vampire mosquitoes
  3 wargs (Orc:2)
  An acid dragon (D:10)
  3 hell hounds
  7 water moccasins
  34 orc warriors
  2 black bears
  A hornet zombie (D:6)
  2 ice beasts (D:7)
  23 wolves
  7 centaurs
  4 ogres
  A phantom (D:5)
  3 necrophages
  2 gnoll sergeants
  4 kobold brigands
  5 bullfrogs
  2 wyvern zombies (D:6)
  3 scorpions
  5 wights (D:6)
  11 killer bees
  2 howler monkeys (D:9)
  4 crimson imps (D:12)
  A centaur zombie (D:6)
  A bullfrog zombie (D:6)
  A human zombie (D:6)
  3 hounds
  17 orc priests
  4 jellies
  Jessica (D:2)
  A gnoll bouda (Lair:3)
  4 iguanas
  26 orc wizards
  6 hell rats (Lair:5)
  3 mummies (D:6)
  12 gnolls
  2 adders
  A white imp (D:7)
  3 ufetubi
  3 worms
  2 dart slugs
  87 orcs
  3 ball pythons
  6 endoplasms
  3 giant cockroaches
  8 goblins
  5 hobgoblins
  2 jackals (D:1)
  3 quokkas
  3 bats
  2 frilled lizards
  26 kobolds
  5 rats
646 creatures vanquished.

Vanquished Creatures (others)
  2 wizards (D:13)
  Maurice (Orc:2)
  An orc (Orc:1)
  2 bushes
  44 fungi
  76 plants
126 creatures vanquished.

Grand Total: 772 creatures vanquished

Notes
Turn   | Place    | Note
-------+----------+-------------------------------------------
     0 | D:1      | sausages the Minotaur Fighter began the quest for the Orb.
     0 | D:1      | Reached XP level 1. HP: 19/19 MP: 0/0
   360 | D:1      | Found a faded altar of an unknown god.
   384 | D:1      | Prayed at the altar of an unknown god.
   384 | D:1      | Became a worshipper of Trog the Wrathful
   384 | D:1      | Reached * piety under Trog
   447 | D:1      | Reached XP level 2. HP: 27/27 MP: 1/1
   449 | D:1      | Reached skill level 4 in Fighting
  1096 | D:2      | Reached XP level 3. HP: 17/34 MP: 2/2
  1281 | D:2      | Identified a scroll of acquirement
  1281 | D:2      | Acquired a manual of Long Blades
  1324 | D:2      | Noticed Jessica
  1334 | D:2      | Killed Jessica
  1359 | D:2      | Noticed Sigmund
  1406 | D:2      | Killed Sigmund
  1407 | D:2      | Reached skill level 5 in Fighting
  1407 | D:2      | Reached XP level 4. HP: 40/44 MP: 3/3
  1407 | D:2      | Reached XP level 5. HP: 46/50 MP: 4/4
  1531 | D:2      | Identified the ring "Taebbeulif" {Ice MP+9}
  1814 | D:3      | Noticed Grinder
  1823 | D:3      | Killed Grinder
  1824 | D:3      | Reached skill level 6 in Fighting
  1824 | D:3      | Reached skill level 5 in Long Blades
  1824 | D:3      | Reached skill level 5 in Armour
  1824 | D:3      | Reached skill level 5 in Shields
  1824 | D:3      | Reached XP level 6. HP: 25/58 MP: 5/5
  2219 | D:3      | Reached ** piety under Trog
  2389 | D:3      | Reached XP level 7. HP: 64/64 MP: 6/6
  2858 | D:4      | Found a staircase to the Ecumenical Temple.
  2914 | D:4      | Found Cufrif's Distillery.
  2933 | D:4      | Reached skill level 7 in Fighting
  3139 | D:4      | Bought 2 potions of curing for 60 gold pieces
  3139 | D:4      | Bought a potion of might for 40 gold pieces
  3139 | D:4      | Bought a potion of curing for 30 gold pieces
  3139 | D:4      | Bought a potion of heal wounds for 50 gold pieces
  3152 | D:4      | You fall into a shaft and drop 3 floors!
  3475 | D:6      | Reached skill level 8 in Fighting
  3475 | D:6      | Reached XP level 8. HP: 73/73 MP: 7/7
  4274 | D:6      | Identified the +4 falchion "Transmigrator" {drain, Fly rN+
                  | rCorr}
  4308 | D:6      | Reached skill level 9 in Fighting
  4345 | D:6      | Found a basalt altar of Yredelemnul.
  4769 | D:6      | Reached XP level 9. HP: 74/85 MP: 8/8
  5219 | D:6      | Reached skill level 10 in Fighting
  5265 | D:5      | Entered Level 5 of the Dungeon
  5532 | D:5      | Found a radiant altar of Vehumet.
  7501 | D:6      | Reached skill level 10 in Long Blades
  7888 | D:7      | Found a sacrificial altar of Ru.
  8541 | D:8      | Reached skill level 11 in Fighting
  8544 | D:8      | Reached *** piety under Trog
  8618 | D:8      | Found a shimmering blue altar of Sif Muna.
  8618 | D:8      | Found a hazy altar of Hepliaklqana.
  8619 | D:8      | Found a snail-covered altar of Cheibriados.
  8631 | D:8      | Found a sparkling altar of Nemelex Xobeh.
  8753 | D:8      | Noticed a boulder beetle
  8767 | D:8      | Killed a boulder beetle
  8768 | D:8      | Reached XP level 10. HP: 96/96 MP: 9/9
  9000 | D:8      | Found Ewicuhu's Hydra Hut.
  9002 | D:8      | Noticed a six-headed hydra
  9005 | D:8      | Bought a +2 scimitar of flaming for 211 gold pieces
  9079 | D:8      | Found a hide-covered altar of Uskayaw.
  9200 | D:8      | Found an ancient bone altar of Kikubaaqudgha.
 10021 | D:9      | Noticed a two-headed ogre
 10030 | D:9      | Killed a two-headed ogre
 10031 | D:9      | Reached skill level 12 in Fighting
 10141 | D:9      | Found a runed translucent door.
 10142 | D:9      | Identified the +0 trident of the Smoking Gods {spect,
                  | Dex+2}
 10142 | D:9      | Noticed EtherCrawl's ghost (novice MiBe)
 10243 | D:9      | Reached skill level 10 in Armour
 10677 | D:10     | Entered Level 10 of the Dungeon
 11704 | D:10     | Found a staircase to the Lair.
 11728 | D:10     | Found a staircase to the Orcish Mines.
 12079 | D:10     | Reached XP level 11. HP: 106/106 MP: 10/10
 12266 | D:10     | Found a shadowy altar of Dithmenos.
 12409 | D:10     | Found a blossoming altar of Fedhas.
 12554 | Lair:1   | Entered Level 1 of the Lair of Beasts
 12565 | Lair:1   | Reached skill level 13 in Fighting
 13212 | Lair:1   | Noticed a four-headed hydra
 13220 | Lair:1   | Killed a one-headed hydra
 13221 | Lair:1   | Reached skill level 10 in Shields
 13302 | Lair:1   | Reached **** piety under Trog
 13306 | Lair:1   | Noticed a boulder beetle
 13354 | Lair:1   | Killed a boulder beetle
 13453 | Lair:1   | Reached skill level 14 in Fighting
 13540 | Lair:1   | Reached skill level 1 in Evocations
 14223 | Lair:2   | Reached XP level 12. HP: 118/118 MP: 11/11
 14552 | Lair:2   | Noticed a catoblepas
 14557 | Lair:2   | Killed a catoblepas
 14558 | Lair:2   | Reached skill level 15 in Fighting
 14596 | Lair:2   | Found a hole to the Spider Nest.
 14829 | Lair:2   | Reached ***** piety under Trog
 15040 | Lair:2   | Reached skill level 15 in Long Blades
 15164 | Lair:2   | Found a staircase to the Shoals.
 15742 | Lair:3   | Identified the +8 sling of Yfez {speed, rElec rC+++ rN+
                  | Dex-3}
 16170 | Lair:4   | Reached XP level 13. HP: 128/128 MP: 12/12
 16569 | Lair:4   | Reached skill level 1 in Throwing
 16780 | Lair:4   | Noticed Kirke
 17009 | Lair:4   | Reached skill level 16 in Fighting
 17551 | Lair:4   | Killed Kirke
 17617 | Lair:5   | Entered Level 5 of the Lair of Beasts
 17754 | Lair:5   | Received a gift from Trog
 17761 | Lair:5   | Reached skill level 15 in Armour
 17812 | Lair:5   | Found a sacrificial altar of Ru.
 17849 | Lair:5   | Reached skill level 5 in Evocations
 18093 | Lair:5   | Found a staircase to the Slime Pits.
 18093 | Lair:5   | Found a viscous altar of Jiyva.
 18576 | Lair:5   | Reached XP level 14. HP: 138/138 MP: 13/13
 18579 | Lair:5   | Reached skill level 17 in Fighting
 20157 | Orc:1    | Entered Level 1 of the Orcish Mines
 20368 | Orc:1    | Received a gift from Trog
 20442 | Orc:2    | Entered Level 2 of the Orcish Mines
 20493 | Orc:2    | Found Toczyfu's Tempting Trifles.
 20622 | Orc:2    | Bought a +0 tower shield for 58 gold pieces
 20634 | Orc:2    | Found a staircase to the Elven Halls.
 20668 | Orc:2    | Noticed Maurice
 20679 | Orc:2    | Killed Maurice
 20749 | Orc:2    | Found Huzxeil's Antique Armour Shop.
 21159 | Orc:1    | Noticed an orc warlord
 21182 | Orc:1    | Noticed Sonja
 21263 | Orc:2    | Received a gift from Trog
 21336 | Orc:2    | Reached ****** piety under Trog
 21510 | Orc:2    | Noticed an orc warlord
 21635 | Orc:2    | Killed an orc warlord
 21636 | Orc:2    | Reached skill level 5 in Throwing
 21745 | Orc:2    | Paralysed by an orc sorcerer for 2 turns
 21750 | Orc:2    | Received a gift from Trog
 21756 | Orc:2    | Reached skill level 18 in Fighting
 21938 | Orc:2    | Found Fiakkun's General Store.
 21939 | Orc:2    | Found Gutoc's Book Emporium.
 21940 | Orc:2    | Found Buah's Antique Armour Emporium.
 21940 | Orc:2    | Found Xocuttel's Antique Weapon Shoppe.
 21956 | Orc:2    | Bought 2 potions of heal wounds for 140 gold pieces
 22405 | D:11     | Found a transporter.
 22407 | D:11     | Found a transporter.
 22411 | D:11     | Found a transporter.
 22430 | D:11     | Found a transporter.
 22794 | D:12     | Noticed Azrael
 22991 | D:12     | Killed Azrael
 23049 | D:12     | Reached XP level 15. HP: 147/149 MP: 14/14
 23545 | D:12     | Found a shimmering altar of Xom.
 24206 | D:13     | Identified the +10 hand axe of Qamul {vorpal, MP+9 Str+3}
 25061 | D:13     | Received a gift from Trog
 25075 | D:13     | Found a gate to the Vaults.
 25485 | D:14     | Noticed Agnes
 25714 | Spider:1 | Entered Level 1 of the Spider Nest
 26087 | Spider:1 | HP: 7/141 [culicivora (12)]
 26087 | Spider:1 | Slain by a wolf spider

Illustrated notes

Levels and vault maps discovered:
D:1:      dpeg_arrival_connections, layout_basic, basic_ecumenical_altar,
          chequers_serial_rivers_micro_a
D:2:      layout_basic, uniq_sigmund, uniq_jessica
D:3:      layout_basic, uniq_grinder
D:4:      layout_rooms, temple_doors_ab, serial_shops, nicolae_diamond_shop
D:5:      layout_layer_cave, lemuel_doored_altar, lemuel_flame_loot_1
D:6:      nicolae_cairo_tiling, layout_basic,
          lemuel_mausoleum_altar_yredelemnul, dk_noncrumbling_2
D:7:      layout_loops_corners, lemuel_tele_altar
D:8:      layout_basic, nicolae_overflow_quartered_altars,
          mainiacjoe_overflow_catch_the_wave, doesnt_shop_hydraphobe
D:9:      layout_basic, ebering_ghost_funeral_grove, dreamdust_mushroom_princess
D:10:     layout_loops_ring, mainiacjoe_overflow_brackets,
          overflow_temple_1_default, lair_entry_dummy,
          amcnicky_mini_corridor_feature
D:11:     layout_cave_pools, nicolae_transporter_circle
D:12:     layout_irregular_city, led_xom_imps, uniq_azrael
D:13:     layout_long_grid, grunt_vaults_entry_tiered,
          chequers_serial_rivers_large_a
D:14:     layout_gridville, chequers_serial_rivers_marsh, fedhas_altar_4,
          uniq_agnes
Lair:1:   layout_regular_city, beast_lair_carwin_7, serial_bayou_shore_b,
          grunt_megastairs_4
Lair:2:   layout_concentric_octagons, minmay_shoals_entry_hut,
          spider_nest_entry_web_field, serial_bayou_shore_b
Lair:3:   layout_regular_city, dreamdust_gnoll_shepherd
Lair:4:   layout_cellular_growth, uniq_kirke
Lair:5:   evilmike_catoblepas_cave, layout_layer_cave,
          minmay_slime_entry_oklob_open, basic_altar
Spider:1: layout_spider_delve, gammafunk_ghost_berserking_beasts,
          nicolae_spider_altar_of_dancing
Orc:1:    layout_diamond_mine, minmay_orc_temple_a, uniq_sonja
Orc:2:    st_orc_congregation, layout_caves, serial_shops, shop,
          nicolae_alphabet_shops, uniq_maurice

Skill      XL: |  1  2  3  4  5  6  7  8  9 10 11 12 13 14 15 |
---------------+----------------------------------------------+-----
Fighting       | 4 5 6 8 9 11 12 14 15 16 18 | 18.6
Shields        | 4 5 6 7 8 9 10 11 12 13 | 13.5
Armour         | 4 5 6 7 9 10 12 14 15 16 17 | 17.3
Long Blades    | 4 5 7 9 10 12 14 15 16 17 | 17.0
Evocations     | 1 4 5 6 7 |  7.0
Throwing       | 3 5 6 |  6.0

Action                   |  1- 3 |  4- 6 |  7- 9 | 10-12 | 13-15 || total
-------------------------+-------+-------+-------+-------+-------++-------
Melee: Long sword        |    70 |    57 |    63 |       |       ||   190
       Headbutt          |    10 |    13 |    59 |   147 |   310 ||   539
       Scimitar          |       |       |   228 |   677 |  1328 ||  2233
       Unarmed           |       |       |       |       |     3 ||     3
Throw: Dart              |     2 |       |     2 |       |       ||     4
       Boomerang         |       |       |     3 |     2 |    34 ||    39
Invok: Berserk           |       |     2 |     7 |    11 |    14 ||    34
       Trog's Hand       |       |       |       |       |     1 ||     1
       Brothers in Arms  |       |       |       |       |     1 ||     1
  Use: Scroll            |     5 |       |    11 |     7 |    14 ||    37
       Potion            |       |       |     1 |       |     4 ||     5
 Stab: Petrified         |       |       |       |       |     9 ||     9
Armor: Scale mail        |    29 |    23 |       |       |       ||    52
       Plate armour      |       |       |   126 |    22 |       ||   148
       Chain mail        |       |       |       |   389 |   692 ||  1081
       Ring mail         |       |       |       |       |    45 ||    45
Dodge: Dodged            |    48 |    11 |    86 |   170 |   304 ||   619
Block: Buckler           |    20 |     7 |    68 |    27 |       ||   122
       Kite shield       |       |       |       |   242 |   284 ||   526
       Tower shield      |       |       |       |       |   709 ||   709
       Reflection        |       |       |       |       |    17 ||    17
